 Dungeon Crawl Stone Soup version 0.25.0-37-gb73750e0fb (webtiles) character file.

Game seed: 1369263111366640007

5875 xccam the Slicer (level 10, -2/63 HPs)
             Began as an Octopode Assassin on July 8, 2020.
             Was a Follower of Uskayaw.
             Succumbed to a redback's poison
             ... in a Gauntlet.
             The game lasted 00:17:44 (9167 turns).

xccam the Slicer (Octopode Assassin)                Turns: 9167, Time: 00:17:45

Health: -2/63      AC:  3    Str:  9    XL:     10   Next: 81%
Magic:  1/14       EV: 23    Int: 13    God:    Uskayaw [*.....]
Gold:   520        SH:  0    Dex: 17    Spells: 9/9 levels left

rFire    . . .     SeeInvis .   t - +4 rapier (speed)
rCold    . . .     Gourm    .   (no shield)
rNeg     + . .     Faith    .   I - +2 hat of the Bear Spirit {Spirit, +Rage rN+ MR++}
rPois    +         Spirit   +   j - amulet of regeneration
rElec    .         Reflect  .   o - ring of poison resistance
rCorr    .         Harm     .   m - ring of Phasing {EV+8}
MR       ++...     NoTele   +   (no ring)
Stlth    +++++.....             (no ring)
HPRegen  0.60/turn              (no ring)
MPRegen  0.14/turn              (no ring)
                                (no ring)
                                (no ring)

@: lethally poisoned (-2 -> -25), very slightly contaminated
A: almost no armour, stealthy swim, amphibious, 8 rings, constrict 8, camouflage
1, weak 1, gelatinous body 1
a: Stomp, Renounce Religion, Evoke Berserk Rage


You were in a Gauntlet.
You worshipped Uskayaw.
Uskayaw was noncommittal.
You were not hungry.

You visited 2 branches of the dungeon, and saw 12 of its levels.
You also visited: Gauntlet.

You collected 520 gold pieces.

Inventory:

Hand Weapons
 a - a +2 dagger
 t - a +4 rapier of speed (weapon)
Missiles
 b - 40 poisoned darts (quivered)
 c - 2 curare-tipped darts
 e - 8 atropa-tipped darts
 l - 4 datura-tipped darts
Armour
 y - a +0 kite shield
 I - the +2 hat of the Bear Spirit (worn) {Spirit, +Rage rN+ MR++}
   (You found it in a Gauntlet)

   It protects you from negative energy.
   It affects your resistance to hostile enchantments.
   It lets you go berserk.
Jewellery
 j - an amulet of regeneration (around mantle)
 m - the ring of Phasing (right tentacle) {EV+8}
   (You found it in a Gauntlet)

   [ring of evasion]

   It affects your evasion (+8).
 o - a ring of poison resistance (left tentacle)
 z - an uncursed ring of ice
 A - an uncursed amulet of guardian spirit
Wands
 E - a wand of polymorph (10)
 G - a wand of acid (9)
Scrolls
 f - 3 scrolls of immolation
 g - 3 scrolls of teleportation
 k - 3 scrolls of amnesia
 n - 2 scrolls of fear {unknown}
 p - 4 scrolls of enchant armour
 r - 3 scrolls of remove curse
 s - 2 scrolls of magic mapping
 v - 2 scrolls of torment {unknown}
 D - a scroll of acquirement {unknown}
 F - a scroll of fog {unknown}
Potions
 h - a potion of berserk rage
 i - a potion of resistance {unknown}
 q - 2 potions of brilliance
 u - a potion of haste {unknown}
 w - a potion of curing
 x - a potion of heal wounds {unknown}
 B - a potion of degeneration {unknown}
 C - a potion of might {unknown}
Comestibles
 d - 16 rations


   Skills:
 - Level 3.0 Fighting
 + Level 13.3 Short Blades
 - Level 2.0 Throwing
 - Level 4.0 Dodging
 - Level 8.0 Stealth
 + Level 5.4 Invocations
 + Level 0.0 Evocations


You had 9 spell levels left.
You didn't know any spells.
Your spell library contained the following spells:

 Spells                   Type           Power        Failure   Level  Hunger
 Apportation              Tloc           #.....       30%         1    ##.....
 Summon Butterflies       Summ           #.......     30%         1    ##.....
 Lesser Beckoning         Tloc           #.........   67%         3    ####...
 Tukima's Dance           Hex            #.......     67%         3    ####...
 Alistair's Intoxication  Tmut/Pois      #.......     100%        5    ######.
 Invisibility             Hex            #.......     100%        6    #######


Dungeon Overview and Level Annotations

Branches:
Dungeon (11/15)            Temple (1/1) D:7            Lair (0/6) D:8
Gauntlet (1/1)
    Orc: D:9-12

Altars:
Ashenzari
Cheibriados
Dithmenos
Elyvilon
Fedhas
Gozag
Hepliaklqana
Kikubaaqudgha
Makhleb
Nemelex Xobeh
Okawaru
Qazlal
Ru
Sif Muna
Trog
Uskayaw
Vehumet
Wu Jian
Xom
Yredelemnul
Zin
The Shining One

Shops:
D:6 (

Annotations:
Gauntlet 9 transporters, 4 runed translucent doors, exclusion: orange crystal statue


Innate Abilities, Weirdness & Mutations

You cannot wear most types of armour.
You are very stealthy in the water. (Stealth+)
You are amphibious.
You can wear up to eight rings at the same time.
You can use your tentacles to constrict eight enemies at once.
Your skin changes colour to match your surroundings (Stealth+).
Your rubbery body absorbs attacks. (AC +1, EV +1)
You are weak. (Str -2)


Message History

The moth of wrath angrily waves its antennae.
There is a transporter here.
You enter the transporter and appear at another place.
The moth of wrath goads the redback on!
The redback goes berserk!
The redback misses you.
You hit the redback. Your grab misses the redback. You squeeze the redback.
The redback is lightly wounded.
The redback bites you! The redback bites you!! The redback bites you.
You are lethally poisoned!
The redback poisons you! The redback bites you!!
* * * LOW HITPOINT WARNING * * *
The redback closely misses you. The redback misses you.
Okay, then.
Blink to where?
Press: ? - help, Dir - move target cursor You are very lightly contaminated with residual magic.
As you read the scroll of blinking, it crumbles to dust.
You die...

###.###.###.### #.............#
#...©.©.©...#
############.........##########
###≈#≈#≈#≈#§#############≈#§#≈#§#
#§..............8.∩.8......§§....
##..........................§....
#≈..#########.#########.#########
##..####©####.#.@.©(}.#.#.##©?".#
#≈..###w|.###.#....s..#.#..##.!##
##..#..##+?w#.#.#####§#.#...#.###
#§§.#..#©#ww#.#...©sss#.#.##.##©#
##..#w.+##.w#.#.#####y#.###.#...#
#≈..###...###.#.......#.##8.##..#
##..###w..###.#.......#.#....##.#
#≈..#############################
###...#.©.........©.........©.#..


You could see a moth of wrath, 4 swamp worms and 3 redbacks.

Vanquished Creatures
  Erica (D:9)
  A troll (D:9)
  A hippogriff (D:10)
  4 shadows
  A spriggan (D:7)
  A wyvern (D:10)
  A hungry ghost (D:10)
  A chaos spawn (Gauntlet)
  Menkaure (D:7)
  A neqoxec (Gauntlet)
  5 sky beasts
  A black bear (D:7)
  An ice beast (D:6)
  3 orc warriors (D:9)
  An ogre (D:10)
  A phantom (D:9)
  2 centaurs
  Blork the orc (D:5)
  5 bullfrogs
  A scorpion (D:5)
  A wyvern skeleton (D:11)
  3 killer bees (D:10)
  3 wights (D:10)
  2 howler monkeys
  2 bullfrog zombies
  A centaur zombie (D:6)
  4 crimson imps
  4 orc priests
  Crazy Yiuf (D:6)
  3 hounds
  11 orc wizards
  A bullfrog skeleton (D:7)
  A centaur skeleton (D:5)
  Jessica (D:3)
  2 iguanas
  7 worker ants
  A killer bee zombie (D:9)
  A hound skeleton (D:4)
  3 gnolls (D:4)
  4 adders
  A shadow imp (D:6)
  3 oozes
  An adder skeleton (D:7)
  2 worms (D:3)
  2 dart slugs
  3 leopard geckos
  39 orcs
  A ball python (D:6)
  8 giant cockroaches
  10 goblins
  13 hobgoblins
  5 jackals
  6 kobolds
  2 quokkas (D:3)
  9 bats
  2 frilled lizards (D:1)
  8 rats
205 creatures vanquished.

Notes
Turn   | Place    | Note
-------+----------+-------------------------------------------
     0 | D:1      | xccam the Octopode Assassin began the quest for the Orb.
     0 | D:1      | Reached XP level 1. HP: 14/14 MP: 1/1
   110 | D:1      | Reached XP level 2. HP: 19/19 MP: 2/2
   428 | D:1      | Reached skill level 3 in Short Blades
   560 | D:1      | Reached XP level 3. HP: 14/24 MP: 3/3
  1281 | D:2      | Found a glowing golden altar of the Shining One.
  1286 | D:2      | Found a basalt altar of Yredelemnul.
  1293 | D:2      | Reached skill level 4 in Short Blades
  1297 | D:2      | Found a radiant altar of Vehumet.
  1298 | D:2      | Found a shimmering blue altar of Sif Muna.
  1298 | D:2      | Found an opulent altar of Gozag.
  1309 | D:2      | Found a burning altar of Makhleb.
  1566 | D:2      | Reached XP level 4. HP: 29/29 MP: 4/4
  1812 | D:2      | Noticed an angel
  1880 | D:2      | Found a shimmering altar of Xom.
  1930 | D:3      | Noticed Jessica
  1947 | D:3      | Killed Jessica
  2339 | D:3      | Reached skill level 5 in Short Blades
  2341 | D:3      | Reached XP level 5. HP: 34/34 MP: 5/5
  2654 | D:3      | HP: 1/51 [something (3)]
  2661 | D:3      | HP: 1/34 [orc/+0 trident (7)]
  2769 | D:3      | Reached skill level 6 in Short Blades
  2769 | D:3      | Reached XP level 6. HP: 36/39 MP: 6/6
  2973 | D:4      | Found a bloodstained altar of Trog.
  3196 | D:4      | Found a glowing silver altar of Zin.
  3748 | D:5      | Entered Level 5 of the Dungeon
  3886 | D:5      | Reached XP level 7. HP: 46/46 MP: 7/7
  3887 | D:5      | Found a hazy altar of Hepliaklqana.
  4075 | D:5      | Reached skill level 7 in Short Blades
  4401 | D:5      | Found a white marble altar of Elyvilon.
  4509 | D:5      | Reached XP level 8. HP: 27/52 MP: 8/8
  4833 | D:5      | Noticed Blork the orc
  4837 | D:5      | Killed Blork the orc
  5115 | D:6      | Reached skill level 8 in Short Blades
  5358 | D:6      | Found a shadowy altar of Dithmenos.
  5391 | D:6      | Found Afaanwey's Antique Weapon Emporium.
  5688 | D:6      | Found a runed translucent door.
  5689 | D:6      | Noticed Crazy Yiuf
  5765 | D:6      | Killed Crazy Yiuf
  5858 | D:7      | Found a staircase to the Ecumenical Temple.
  5866 | D:7      | Reached skill level 9 in Short Blades
  5879 | D:7      | You fall into a shaft and drop 2 floors!
  6014 | D:9      | Reached XP level 9. HP: 28/56 MP: 9/9
  6147 | Temple   | Entered the Ecumenical Temple
  6166 | Temple   | Became a worshipper of Uskayaw the Reveler
  6233 | D:7      | Reached skill level 10 in Short Blades
  6233 | D:7      | Reached * piety under Uskayaw
  6321 | D:7      | Reached ** piety under Uskayaw
  6574 | D:7      | Noticed Menkaure
  6581 | D:7      | Killed Menkaure
  6785 | D:8      | Found a staircase to the Lair.
  6816 | D:8      | Found a bloodstained altar of Trog.
  6920 | D:8      | Reached skill level 11 in Short Blades
  6920 | D:8      | Reached *** piety under Uskayaw
  7143 | D:8      | Found a sparkling altar of Nemelex Xobeh.
  7456 | D:9      | Noticed Erica
  7462 | D:9      | Killed Erica
  7462 | D:9      | Reached skill level 12 in Short Blades
  7462 | D:9      | Reached XP level 10. HP: 63/63 MP: 10/10
  7489 | D:9      | Reached skill level 1 in Invocations
  7495 | D:9      | Reached **** piety under Uskayaw
  7804 | D:10     | Entered Level 10 of the Dungeon
  7955 | D:10     | Found the +3 salamander hide armour {+Rage rF++}
  8328 | D:10     | Reached skill level 13 in Short Blades
  8720 | D:11     | Found a gate leading to a gauntlet.
  8742 | Gauntlet | Entered a Gauntlet
  8742 | Gauntlet | Found a transporter.
  8742 | Gauntlet | Found a transporter.
  8742 | Gauntlet | Noticed a moth of wrath
  8746 | Gauntlet | Found a runed translucent door.
  8748 | Gauntlet | Found a transporter.
  8749 | Gauntlet | Found a runed translucent door.
  8750 | Gauntlet | Found a transporter.
  8750 | Gauntlet | Noticed a wizard
  8752 | Gauntlet | Found a runed translucent door.
  8752 | Gauntlet | Found a transporter.
  8753 | Gauntlet | Found a transporter.
  8757 | Gauntlet | Found the +2 hat of the Bear Spirit {Spirit, +Rage rN+
                  | MR++}
  8796 | Gauntlet | Found a transporter.
  8796 | Gauntlet | Found a transporter.
  8853 | Gauntlet | Found a transporter.
  8867 | Gauntlet | Found the ring of Phasing {EV+8}
  8868 | Gauntlet | Found a transporter.
  8873 | Gauntlet | Found a transporter.
  8876 | Gauntlet | Noticed an orange crystal statue
  8886 | Gauntlet | Found a transporter.
  8903 | Gauntlet | Found a transporter.
  8903 | Gauntlet | Noticed a moth of wrath
  8912 | Gauntlet | Found a runed translucent door.
  8913 | Gauntlet | Found a transporter.
  8914 | Gauntlet | Found a runed translucent door.
  9019 | Gauntlet | Reached skill level 5 in Invocations
  9062 | Gauntlet | Gained mutation: You are weak. (Str -2) [a neqoxec]
  9166 | Gauntlet | HP: 2/63 [redback (21)]
  9167 | Gauntlet | Succumbed to a redback's poison

Illustrated notes

Levels and vault maps discovered:
D:1:      ebering_trefoil_twist, layout_loops_ring, minmay_ruptured
D:2:      layout_basic, grunt_temple_overflow_holy_war,
          chequers_temple_overflow_statue_of_worship,
          nicolae_overflow_hidden_temple
D:3:      minmay_skewed_foursquare, layout_basic, uniq_jessica
D:4:      layout_basic, kennysheep_mini_moat, zin_statuary
D:5:      layout_basic, elyvilon_altar_1, lemuel_coloured_pillars_altar,
          first_ration, uniq_blork_the_orc
D:6:      layout_cave_pools, serial_shops, shop, nicolae_dithmenos_the_darkroom,
          uniq_crazy_yiuf_cottage
D:7:      layout_rooms, minmay_temple_entry_mini_moons, serial_rivers,
          chequers_serial_rivers_micro_e, chequers_serial_rivers_small_3,
          chequers_serial_rivers_small_b, chequers_serial_rivers_micro_e,
          chequers_serial_rivers_small_a, chequers_serial_rivers_micro_e,
          the_bakery, minivault_27, uniq_menkaure
D:8:      layout_cave_pools, lemuel_crystal_altar, dpeg_oklobed_lair,
          grunt_decor_arrowhead, trog_hazing_becter
D:9:      layout_rooms, uniq_erica
D:10:     layout_roguey
D:11:     layout_irregular_city, gauntlet_entry_generic, minmay_checkerbox,
          uniq_harold
Temple:   jpeg_temple_island
Gauntlet: gammafunk_gauntlet_mixed_choke_point
          [minmay_gauntlet_arena_77_checkered, minmay_gauntlet_arena_77_path,
          minmay_gauntlet_arena_77_shame_cube, gammafunk_gauntlet_arena_spirals,
          minmay_gauntlet_arena_77_fan, minmay_gauntlet_arena_77_chump_sandwich,
          minmay_gauntlet_arena_77_cramped, gauntlet_exit_watery]

Skill      XL: |  1  2  3  4  5  6  7  8  9 10 |
---------------+-------------------------------+-----
Short Blades   | 3 4 5 6 7 9 12 13 | 13.3
Dodging        | 2 4 |  4.0
Fighting       | 3 |  3.0
Stealth        | 6 8 |  8.0
Invocations    | 5 |  5.4
Throwing       | |  2.0

Action                   |  1- 3 |  4- 6 |  7- 9 | 10-12 || total
-------------------------+-------+-------+-------+-------++-------
Melee: Dagger            |    64 |   125 |    53 |       ||   242
       Tentacles         |    10 |    25 |    54 |    36 ||   125
       Constrict         |    11 |    30 |    43 |    11 ||    95
       Rapier            |       |       |   263 |   126 ||   389
Throw: Dart              |       |     2 |       |     9 ||    11
  Use: Scroll            |     1 |     5 |     2 |     7 ||    15
       Potion            |       |     5 |       |       ||     5
 Stab: Sleeping          |    12 |    17 |    21 |     6 ||    56
       Paralysed         |       |       |     3 |     3 ||     6
       Distracted        |       |       |     1 |     3 ||     4
  Eat: Chunk             |     2 |     6 |     9 |     3 ||    20
       Ration            |       |       |     1 |     1 ||     2
Armor: Skin              |     9 |     2 |     6 |     2 ||    19
Dodge: Dodged            |    34 |    41 |   122 |    40 ||   237
